 Dungeon Crawl Stone Soup version 0.25-a0-290-g4a1327ee3a (webtiles) character file.

Game seed: 17526869855377908739, levelgen mode: deterministic

19042 night the Grappler (level 12, -2/107 (108) HPs)
             Began as a Troll Fighter on Dec 13, 2019.
             Was a High Priest of Ru.
             Killed from afar by a gargoyle (14 damage)
             ... with a stone arrow
             ... in a Gauntlet on Dec 14, 2019.
             The game lasted 00:36:55 (11459 turns).

night the Grappler (Troll Fighter)                 Turns: 11459, Time: 00:36:55

HP:   -2/107 (108)  AC: 11    Str: 26    XL:     12   Next: 33%
MP:   12/12         EV:  2    Int:  7    God:    Ru [*****.]
Gold: 309           SH: 17    Dex:  9    Spells: 11/11 levels left

rFire    . . .     SeeInvis .     - Unarmed
rCold    . . .     Gourm    +   L - +0 large shield
rNeg     . . .     Faith    .   K - +0 troll leather armour
rPois    +         Spirit   .   (helmet restricted)
rElec    +         Reflect  .   D - +2 cloak {rPois}
rCorr    +         Harm     .   (gloves unavailable)
MR       .....     Rnd*Rage +   (boots unavailable) Stlth +.........NoTele +
                                (no amulet)
HPRegen  1.07/turn              O - ring of resist corrosion
MPRegen  0.13/turn              y - ring of poison resistance

@: no status effects
A: large, unfitting armour, claws 3, berserk 1, clever 1, fast metabolism 3,
frail 1, gourmand, regeneration 1, shaggy fur 1, electricity resistance, tough
skin 3, weak 2, reduced EV 1, magic vulnerability 1, MP-powered wands
a: Draw Out Power, Power Leap, Apocalypse, Renounce Religion


You were in a Gauntlet.
You worshipped Ru.
Ru was extremely pleased with you.
You were full.

You visited 2 branches of the dungeon, and saw 13 of its levels.
You visited 1 bazaar.
You also visited: Gauntlet.

You collected 584 gold pieces.
You spent 275 gold pieces at shops.

Inventory:

Hand Weapons
 H - the +3 war axe of the Final Decision {elec, Str+4 Int+4}
   (You found it on level 9 of the Dungeon)

   Occasionally, upon striking a foe, it will discharge some electrical energy
   and cause terrible harm.
   It affects your strength (+4).
   It affects your intelligence (+4).
Missiles
 m - 302 stones
 o - 31 sling bullets
 w - 59 poisoned darts (quivered)
 C - 4 large rocks
 F - 9 boomerangs
 G - a throwing net
Armour
 u - a +0 robe of positive energy
 D - a +2 cloak of poison resistance (worn)
 K - a +0 troll leather armour (worn)
 L - a +0 large shield (worn)
Jewellery
 i - an uncursed ring of ice
 y - a ring of poison resistance (right claw)
 O - a ring of resist corrosion (left claw)
Wands
 A - a wand of flame (20)
 J - a wand of scattershot (4)
Scrolls
 b - a scroll of amnesia {unknown}
 g - 4 scrolls of blinking
 l - 9 scrolls of teleportation
 q - 8 scrolls of fear
 E - 2 scrolls of fog
 I - a scroll of remove curse
Potions
 c - 3 potions of might
 e - 4 potions of curing
 h - 8 potions of heal wounds
 j - a potion of cancellation
 k - 2 potions of haste
 n - 4 potions of lignification
 r - a potion of berserk rage
 v - 2 potions of agility
 x - a potion of flight {unknown}
 z - 2 potions of resistance
 B - a potion of brilliance {unknown}
Comestibles
 d - 23 rations


   Skills:
 + Level 8.2 Fighting
 + Level 7.9 Throwing
 - Level 2.4 Dodging
 + Level 8.2 Shields
 * Level 12.9 Unarmed Combat
 + Level 1.9 Evocations


You had 11 spell levels left.
You didn't know any spells.
Your spell library contained the following spells:

 Spells                   Type           Power        Failure   Level  Hunger
 Sting                    Tmut/Pois      #...         93%         1    ##.....
 Summon Small Mammal      Summ           #...         93%         1    ##.....
 Call Imp                 Summ           #.......     98%         2    ###....
 Poisonous Vapours        Pois/Air       #.....       98%         2    ###....
 Call Canine Familiar     Summ           #.......     100%        3    ####...
 Ignite Poison            Fire/Tmut/Pois #.......     100%        3    ####...
 Mephitic Cloud           Conj/Pois/Air  #.......     100%        3    ####...
 Summon Guardian Golem    Hex/Summ       #.......     100%        3    ####...
 Olgreb's Toxic Radiance  Pois           #.......     100%        4    #####..
 Summon Ice Beast         Ice/Summ       #.......     100%        4    #####..
 Summon Lightning Spire   Summ/Air       #.......     100%        4    #####..


Dungeon Overview and Level Annotations

Branches:
Dungeon (11/15)            Temple (0/1) D:5            Lair (2/6) D:11
    Orc (0/2) D:10        Gauntlet (1/1)
  Swamp: Lair:2-4    Shoals: Lair:2-4     Snake: Lair:2-4    Spider: Lair:2-4

Altars:
Elyvilon
Fedhas
Hepliaklqana
Kikubaaqudgha
Qazlal
Ru
Sif Muna
Trog
Vehumet
Wu Jian
Zin
The Shining One

Shops:
D:4 (%   D:9 ?[*}

Annotations:
Gauntlet 9 transporters, exclusion: ice statue


Innate Abilities, Weirdness & Mutations

You are too large for most types of armour.
You have claws for hands.
Your metabolism is lightning-fast.
You are frail. (-10% HP)
You like to eat raw meat.
Your natural rate of healing is unusually fast.
You are covered in fur. (AC +1)
You have extremely tough skin. (AC +3)
You are very weak. (Str -4)
You have somewhat slow reflexes. (EV -5)
You are slightly vulnerable to magic. (MR-)
You tend to lose your temper in combat.
Your mind is acute. (Int +2)
You are resistant to electric shocks. (rElec)
You expend magic power (3 MP) to strengthen your wands.


Message History

You see here a throwing net.
You tear a large gash into the net.
The catoblepas gores you!!
The gargoyle begins to attack, but is stunned by your will!
The gargoyle hits you with a +0 mace!
You struggle against the net.
You redirect the catoblepas's attack!
The catoblepas gores you!
Unknown command.
You struggle against the net.
The catoblepas gores you but does no damage.
The gargoyle hits you with a +0 mace. The gargoyle hits you with a +0 mace!!
You rip the net and break free!
You redirect the catoblepas's attack!
The catoblepas gores you!!
* * * LOW HITPOINT WARNING * * *
You focus your will and illuminate the catoblepas in retribution!
You block the gargoyle's attack.
The gargoyle hurls a stone arrow at you.
The stone arrow hits you!
You die...

..........................≈###
...........................#8#
###########...###########..###
#.........#.8.##...©?}.##..#
#.##...##.#...#.#.....#.#..###
#.#.#.#.#.#####.^#...#^.#..#8#
#?.##.##..#...#...#.#...#..###
#©.#.©.#..#©.©#...^#^...#..#
#..##.##.G#...#.@9#©#...#..###
#[#.#.# #G#####9Y#...#^.#..#8#
#.##...##.#...#.#.....#.#..###
#.........#...##.......##..#
###########...###########..###
...#.©.#....≈....#.©.#.....#8#
.8.#...#.8.§8≈.8.#...#.8...###
...#.©.#....≈.§..#.©.#.....#
###########...###########..###


You could see a catoblepas, an eye of devastation, 2 gargoyles and a golden eye.

Vanquished Creatures
  Harold (D:7)
  3 death yaks (D:11)
  2 two-headed ogres
  An oklob plant (Gauntlet)
  Pikel (D:4)
  An ugly thing (D:11)
  3 centaur skeletons
  4 spiny frogs (Lair:1)
  A rime drake (Lair:1)
  2 komodo dragons (Lair:1)
  A troll (D:10)
  3 hippogriffs
  A wraith (D:10)
  2 vampires
  8 yaks (D:11)
  Grum (D:10)
  A human (D:11)
  2 hogs (D:11)
  2 hungry ghosts
  An acid dragon (Gauntlet)
  A two-headed ogre zombie (D:10)
  6 porcupines
  4 water moccasins (Lair:1)
  3 sky beasts
  A black bear (D:7)
  2 necrophages
  4 orc warriors
  7 phantoms
  14 centaurs
  6 ogres
  4 wolves (D:10)
  A big kobold (D:7)
  3 crocodiles (Lair:1)
  6 bullfrogs
  A troll zombie (D:10)
  13 killer bees
  3 howler monkeys
  An electric eel (D:10)
  3 crimson imps
  A bullfrog zombie (D:10)
  A jelly (D:6)
  2 centaur zombies
  A quasit (D:11)
  A bullfrog skeleton (D:10)
  10 orc priests
  6 hounds
  11 orc wizards
  4 iguanas
  Natasha (twice) (D:2)
  3 hell rats (D:11)
  7 worker ants
  5 ogre zombies (D:10)
  2 hound skeletons
  A howler monkey zombie (D:10)
  3 worker ant zombies
  A howler monkey skeleton (D:7)
  7 adders
  11 river rats
  2 shadow imps
  2 oozes
  5 adder skeletons
  6 worms
  4 dart slugs
  5 leopard geckos
  56 orcs
  4 giant cockroaches
  10 goblins
  2 hobgoblins (D:2)
  12 jackals
  9 quokkas
  3 ball pythons
  5 bats
  2 frilled lizards
  A goblin skeleton (D:10)
  5 goblin zombies (D:10)
  2 hobgoblin skeletons (D:10)
  2 hobgoblin zombies (D:10)
  A jackal zombie (D:5)
  14 kobolds
  2 leopard gecko skeletons
  3 orc skeletons (D:10)
  11 orc zombies (D:10)
  A quokka skeleton (D:5)
  A quokka zombie (D:7)
  24 rats
397 creatures vanquished.

Vanquished Creatures (others)
  An adder skeleton (D:4)
  A goblin skeleton (D:10)
  3 withered plants (Gauntlet)
5 creatures vanquished.

Grand Total: 402 creatures vanquished

Notes
Turn   | Place    | Note
-------+----------+-------------------------------------------
     0 | D:1      | night the Troll Fighter began the quest for the Orb.
     0 | D:1      | Reached XP level 1. HP: 22/22 MP: 0/0
   238 | D:1      | Reached XP level 2. HP: 29/29 MP: 1/1
   776 | D:2      | Reached XP level 3. HP: 31/36 MP: 2/2
   860 | D:2      | Reached skill level 3 in Unarmed Combat
   958 | D:2      | Found a glowing golden altar of the Shining One.
  1011 | D:2      | Noticed Natasha
  1018 | D:2      | Killed Natasha
  1018 | D:2      | Reached XP level 4. HP: 32/44 MP: 3/3
  1330 | D:2      | Noticed Natasha
  1332 | D:2      | Killed Natasha
  1588 | D:3      | Reached skill level 4 in Unarmed Combat
  1588 | D:3      | Reached XP level 5. HP: 53/53 MP: 4/4
  1633 | D:3      | Found a sacrificial altar of Ru.
  1663 | D:3      | Became a worshipper of Ru the Awakened
  2208 | D:4      | Found an ancient bone altar of Kikubaaqudgha.
  2260 | D:4      | Noticed a phantom
  2275 | D:4      | Killed a phantom
  2275 | D:4      | Reached XP level 6. HP: 61/61 MP: 5/5
  2310 | D:4      | Reached skill level 5 in Unarmed Combat
  2361 | D:4      | Found Eraufuv's Antique Weapon Shop.
  2435 | D:4      | Found Biac's Food Shoppe.
  2452 | D:4      | Noticed a slave
  2453 | D:4      | Noticed a slave
  2454 | D:4      | Noticed Pikel
  2456 | D:4      | Noticed a slave
  2466 | D:4      | Noticed a slave
  2486 | D:4      | Killed Pikel
  2486 | D:4      | Reached skill level 1 in Throwing
  2486 | D:4      | Reached skill level 6 in Unarmed Combat
  2486 | D:4      | Reached XP level 7. HP: 57/70 MP: 6/6
  2615 | D:4      | Gained mutation: You have somewhat slow reflexes. (EV -5)
                  | [Ru sacrifice]
  2615 | D:4      | Reached * piety under Ru
  3585 | D:5      | Entered Level 5 of the Dungeon
  3616 | D:5      | Reached XP level 8. HP: 43/79 MP: 7/7
  3775 | D:5      | Found a staircase to the Ecumenical Temple.
  3894 | D:5      | Reached skill level 7 in Unarmed Combat
  4214 | D:5      | Found a bloodstained altar of Trog.
  4401 | D:5      | Found a glowing silver altar of Zin.
  4503 | D:6      | Reached skill level 5 in Fighting
  4503 | D:6      | Reached skill level 5 in Shields
  4549 | D:6      | Reached skill level 8 in Unarmed Combat
  4549 | D:6      | Reached XP level 9. HP: 52/88 MP: 8/8
  4557 | D:6      | Gained mutation: You are frail. (-10% HP) [Ru sacrifice]
  4557 | D:6      | Reached ** piety under Ru
  4557 | D:6      | Reached *** piety under Ru
  4803 | D:6      | Found a white marble altar of Elyvilon.
  4858 | D:6      | Gained mutation: You tend to lose your temper in combat.
                  | [potion of mutation]
  4858 | D:6      | Gained mutation: You expend magic power (3 MP) to
                  | strengthen your wands. [potion of mutation]
  4858 | D:6      | Gained mutation: You are resistant to electric shocks.
                  | (rElec) [potion of mutation]
  4858 | D:6      | Gained mutation: Your mind is acute. (Int +2) [potion of
                  | mutation]
  5529 | D:7      | Found a shimmering blue altar of Sif Muna.
  5529 | D:7      | Found a blossoming altar of Fedhas.
  5530 | D:7      | Found a hazy altar of Hepliaklqana.
  5657 | D:7      | Noticed Harold
  5669 | D:7      | Killed Harold
  5669 | D:7      | Reached skill level 9 in Unarmed Combat
  5895 | D:7      | Found a radiant altar of Vehumet.
  5984 | D:8      | Noticed a two-headed ogre
  5989 | D:8      | Killed a two-headed ogre
  5989 | D:8      | Reached skill level 5 in Throwing
  5989 | D:8      | Reached XP level 10. HP: 88/88 MP: 9/9
  6181 | D:8      | Reached skill level 10 in Unarmed Combat
  6204 | D:8      | Gained mutation: You are weak. (Str -2) [Ru sacrifice]
  6926 | D:9      | Found Sigid's Gadget Emporium.
  6970 | D:9      | Found Mintath's General Store.
  6971 | D:9      | Got an ichor-stained war axe
  6972 | D:9      | Identified the cursed +3 war axe of the Final Decision
                  | {elec, Str+4 Int+4} (You found it on level 9 of the
                  | Dungeon)
  6985 | D:9      | Bought a potion of berserk rage for 60 gold pieces
  7147 | D:9      | Found Sarobbum's Antique Armour Shoppe.
  7172 | D:9      | Bought an embroidered robe for 133 gold pieces
  7185 | D:9      | Found Lobimnyg's Magic Scroll Boutique.
  7188 | D:9      | Bought a scroll of silence for 82 gold pieces
  7340 | D:9      | Found an ornate altar of the Wu Jian Council.
  7512 | D:10     | Entered Level 10 of the Dungeon
  7842 | D:10     | Noticed Grum
  7880 | D:10     | Killed Grum
  7880 | D:10     | Reached skill level 11 in Unarmed Combat
  8017 | D:10     | Reached XP level 11. HP: 86/97 MP: 10/10
  8019 | D:10     | Gained mutation: You are slightly vulnerable to magic.
                  | (MR-) [Ru sacrifice]
  8019 | D:10     | Reached **** piety under Ru
  8019 | D:10     | Reached ***** piety under Ru
  8271 | D:10     | Noticed a two-headed ogre
  8277 | D:10     | Killed a two-headed ogre
  8361 | D:10     | Found a staircase to the Orcish Mines.
  8729 | D:11     | Found a flickering gateway to a bazaar.
  8760 | Bazaar   | Entered a bazaar
  8772 | Bazaar   | Found Fiuful's Antique Armour Shop.
  8783 | Bazaar   | Found Deghocac's Jewellery Shop.
  8892 | D:11     | Found a staircase to the Lair.
  8892 | D:11     | Noticed a death yak
  8895 | D:11     | Noticed a death yak
  8912 | D:11     | Noticed a death yak
  8913 | D:11     | Killed a death yak
  8932 | D:11     | Killed a death yak
  8932 | D:11     | Reached skill level 12 in Unarmed Combat
  8938 | D:11     | Killed a death yak
  9025 | D:11     | Noticed a purple ugly thing
  9040 | D:11     | Killed a purple ugly thing
  9485 | D:11     | Found a stormy altar of Qazlal.
  9961 | D:11     | Reached XP level 12. HP: 75/106 MP: 11/11
 10124 | Lair:1   | Entered Level 1 of the Lair of Beasts
 10128 | Lair:1   | Gained mutation: You are very weak. (Str -4) [Ru sacrifice]
 10221 | Lair:1   | Reached skill level 1 in Evocations
 11110 | Lair:2   | Found a gate leading to a gauntlet.
 11120 | Gauntlet | Entered a Gauntlet
 11120 | Gauntlet | Found a transporter.
 11120 | Gauntlet | Found a transporter.
 11124 | Gauntlet | Found a transporter.
 11125 | Gauntlet | Found a transporter.
 11125 | Gauntlet | Noticed a death yak
 11127 | Gauntlet | Noticed a death yak
 11128 | Gauntlet | Noticed a death yak
 11129 | Gauntlet | Noticed a death yak
 11130 | Gauntlet | Noticed a death yak
 11132 | Gauntlet | Noticed a death yak
 11136 | Gauntlet | Found a transporter.
 11139 | Gauntlet | Found a transporter.
 11160 | Gauntlet | Found a transporter.
 11168 | Gauntlet | Found a transporter.
 11182 | Gauntlet | Found a transporter.
 11202 | Gauntlet | Found a transporter.
 11208 | Gauntlet | Found a transporter.
 11208 | Gauntlet | Noticed a catoblepas
 11225 | Gauntlet | Found a transporter.
 11459 | Gauntlet | Killed from afar by a gargoyle

Levels and vault maps discovered:
D:1:      elethiomel_arrival_maze, layout_loops_ring, serial_glass,
          glass_columns_c, glass_columns_a, feat_on_display, minmay_ruptured
D:2:      layout_basic, tso_metal_star, corexii_hall_statues_deadend,
          minmay_pentomino_pile, uniq_natasha
D:3:      layout_basic, lemuel_crystal_altar, item_on_display_b
D:4:      layout_layer_cave, kiku_gazebo_garden_becter, serial_shops, shop,
          shop, uniq_pikel
D:5:      lemuel_ratsnest, layout_loops_ring, bloody_trog, lemuel_crystal_altar,
          minmay_temple_entry_gardened_gates, first_ration
D:6:      layout_loops_ring, basic_altar
D:7:      layout_loops_cross, vehumet_altar_wand_db,
          gammafunk_temple_overflow_claw, uniq_harold
D:8:      layout_loops_ring
D:9:      layout_basic, serial_shops, nicolae_shop_behind_doors, shop, shop,
          kennysheep_mini_moat, basic_altar
D:10:     cheibrodos_helix_gallery, layout_loops_ring, zombieorc2_lemuel,
          uniq_grum
D:11:     layout_loops_ring, dpeg_lair_monsters, serial_shops,
          bzr_entry_lakeside, grunt_livestock, hangedman_abyss_or_decor_stagger,
          chequers_arboretum, lemuel_centaur_altar
Lair:1:   layout_hall_layers
Lair:2:   lemuel_slime, layout_regular_city, gauntlet_entry_generic,
          gammafunk_ghost_berserking_beasts
Gauntlet: gammafunk_gauntlet_shortcut [gammafunk_gauntlet_arena_chambers,
          gammafunk_gauntlet_arena_mazey, gammafunk_gauntlet_arena_spirals,
          nicolae_gauntlet_arena_x, gammafunk_gauntlet_arena_corners,
          nicolae_gauntlet_arena_t_cross, gauntlet_exit_green]

Skill      XL: |  1  2  3  4  5  6  7  8  9 10 11 12 |
---------------+-------------------------------------+-----
Unarmed Combat | 3 4 6 8 9 11 12 | 12.9
Shields        | 3 4 5 6 7 8 |  8.2
Fighting       | 3 4 5 6 7 8 |  8.2
Throwing       | 1 2 3 5 6 7 |  7.9
Evocations     | 1 |  1.9
Dodging        | |  2.4

Action                   |  1- 3 |  4- 6 |  7- 9 | 10-12 || total
-------------------------+-------+-------+-------+-------++-------
Melee: Unarmed           |   101 |   168 |   315 |   691 ||  1275
Throw: Dart              |       |       |     2 |       ||     2
Invok: Sacrifice Health  |       |       |     2 |       ||     2
       Sacrifice Purity  |       |       |       |     2 ||     2
       Apocalypse        |       |       |       |     1 ||     1
       Sacrifice Essence |       |       |       |     1 ||     1
       Power Leap        |       |       |       |     1 ||     1
  Use: Scroll            |       |     9 |     3 |    11 ||    23
       Potion            |       |       |     1 |       ||     1
 Stab: Sleeping          |     1 |     1 |       |       ||     2
       Distracted        |       |       |     1 |       ||     1
       Invisible         |       |       |     1 |     9 ||    10
  Eat: Chunk             |    15 |    13 |    33 |    57 ||   118
Armor: Robe              |    28 |    50 |    94 |    93 ||   265
       Troll leather arm |       |       |       |    73 ||    73
Dodge: Dodged            |    27 |    43 |    38 |    70 ||   178
Block: Shield            |    29 |    69 |   107 |   174 ||   379
       Large shield      |       |       |       |   210 ||   210

Table legend:
 A = Non-vault XP
 B = Vault XP
 C = Vault XP percentage of total XP
 D = Non-vault monster count
 E = Vault monster count
 F = Vault count percentage of total count
                 A         B        C        D         E       F
            +---------+---------+-------+---------+---------+-------
      Total |   18425 |    8779 |  32.3 |     289 |     109 |  27.4
            +---------+---------+-------+---------+---------+-------
        D:1 |      31 |       7 |  18.4 |      14 |       3 |  17.6
        D:2 |      94 |      55 |  36.9 |      20 |       7 |  25.9
        D:3 |     104 |       0 |   0.0 |      21 |       0 |   0.0
        D:4 |     504 |     607 |  54.6 |      25 |       1 |   3.8
        D:5 |     612 |     253 |  29.2 |      16 |      33 |  67.3
        D:6 |     844 |       0 |   0.0 |      20 |       0 |   0.0
        D:7 |    1082 |     956 |  46.9 |      37 |       2 |   5.1
        D:8 |    2853 |       0 |   0.0 |      39 |       0 |   0.0
        D:9 |     775 |       0 |   0.0 |      15 |       0 |   0.0
       D:10 |    3300 |    1520 |  31.5 |      26 |      42 |  61.8
       D:11 |    3820 |    4599 |  54.6 |      36 |      19 |  34.5
     Lair:1 |    4406 |       0 |   0.0 |      20 |       0 |   0.0
   Gauntlet |       0 |     782 | 100.0 |       0 |       2 | 100.0
            +---------+---------+-------+---------+---------+-------
